 Dungeon Crawl Stone Soup version 0.30-a0-368-g86fb4627a9 (webtiles) character file.

Game seed: 15160098707899244192

20490 KennySheep the Severer (level 12, -12/123 HPs)
             Began as an Ogre Berserker on Nov 20, 2022.
             Was a High Priest of Trog.
             Mangled by a tyrant leech (26 damage)
             ... on level 2 of the Lair of Beasts.
             The game lasted 00:33:34 (14823 turns).

KennySheep the Severer (Ogre Berserker)            Turns: 14823, Time: 00:33:35

Health: -12/123    AC: 17    Str: 22    XL:     12   Next: 80%
Magic:  12/12      EV: 11    Int:  8    God:    Trog [*****.]
Gold:   263        SH:  0    Dex: 10    Spells: 11/11 levels left

rFire   + . .      SeeInvis .    a - +8 executioner's axe (flame)
rCold   + . .      Faith    .    (shield currently unavailable)
rNeg    . . .      Spirit   .    X - +1 robe {rC+ rF+}
rPois   +          Reflect  .    N - +0 hat of the Eternal Fruit {rElec rPois Will+++ Str-4}
rElec   +          Harm     .    O - +0 cloak
rCorr   .          Rampage  .    (gloves unavailable)
Will    ++++.                    (boots unavailable)
Stlth   +.........               j - amulet of the acrobat
HPRegen 0.40/turn                Y - +4 ring of protection
MPRegen 0.13/turn                G - ring of the Tortoise {AC+8}

@: on berserk cooldown, slowed, very slow
A: large, unfitting armour, tough skin 1
a: Renounce Religion, Berserk, Trog's Hand, Brothers in Arms


You were on level 2 of the Lair of Beasts.
You worshipped Trog.
Trog was extremely pleased with you.
You visited 2 branches of the dungeon, and saw 13 of its levels.
You also visited: Ossuary and Bailey.

You collected 851 gold pieces.
You spent 588 gold pieces at shops.

Inventory:

Hand Weapons
 a - a +8 executioner's axe of flaming (weapon)
Missiles
 c - 5 javelins (quivered)
 D - 2 silver boomerangs
 E - a boomerang of dispersal
 L - 82 stones
 S - 5 large rocks
 W - 7 silver javelins
Armour
 v - a +0 animal skin
 N - the +0 hat of the Eternal Fruit (worn) {rElec rPois Will+++ Str-4}
   (You found it on level 8 of the Dungeon)

   Str:       It affects your strength (-4).
   rElec:     It insulates you from electricity.
   rPois:     It protects you from poison.
   Will:      It greatly increases your willpower.
 O - a +0 cloak (worn)
 X - a +1 robe of resistance (worn)
Jewellery
 j - an amulet of the acrobat (around neck)
 t - a +6 ring of strength
 F - a +6 ring of intelligence
 G - the ring of the Tortoise (right hand) {AC+8}
   (You found it in a bailey)

   [ring of protection]

   AC:        It affects your AC (+8).
 J - an amulet of magic regeneration
 Y - a +4 ring of protection (left hand)
Wands
 f - a wand of flame (51)
 l - a wand of light (8)
 q - a wand of charming (10)
 T - a wand of mindburst (4)
 V - a wand of roots (4)
 Z - a wand of digging (4)
Scrolls
 d - a scroll of silence
 g - 5 scrolls of teleportation
 h - 3 scrolls of poison
 k - 3 scrolls of amnesia
 r - a scroll of summoning
 w - 5 scrolls of butterflies
 y - 3 scrolls of blinking
 K - a scroll of torment
 P - 3 scrolls of enchant armour
 Q - 2 scrolls of magic mapping
 R - 2 scrolls of identify
Potions
 e - 2 potions of haste
 i - 4 potions of resistance
 m - 9 potions of ambrosia
 n - 4 potions of degeneration
 o - a potion of flight
 p - 3 potions of mutation
 s - 3 potions of berserk rage
 u - 3 potions of might
 x - 7 potions of curing
 z - 2 potions of heal wounds
 A - 2 potions of invisibility
 B - a potion of brilliance
 C - a potion of attraction {unknown}
 I - a potion of cancellation
 U - a potion of magic {unknown}


   Skills:
 - Level 9.0 Fighting
 * Level 16.8 Axes
 - Level 8.8 Throwing
 - Level 6.3 Dodging


You had 11 spell levels left.
You didn't know any spells.
Your spell library was empty.

Dungeon Overview and Level Annotations

Branches:
Dungeon (11/15)            Temple (0/1) D:5            Lair (2/5) D:10
    Orc (0/2) D:11        Ossuary (visited)          Bailey (visited)
  Swamp: Lair:2-3    Shoals: Lair:2-3     Snake: Lair:2-3    Spider: Lair:2-3

Altars:
Ashenzari
Gozag
Sif Muna
Vehumet
Wu Jian
Xom
Yredelemnul
Zin
The Shining One

Shops:
D:1 *   D:2 (   D:3 [   D:4 *:(=

Annotations:
D:7 1 runed translucent door, Crazy Yiuf
D:11 1 runed translucent door, LnG's ghost, journeyman KoSu


Innate Abilities, Weirdness & Mutations

You are too large for most types of armour.
You have tough skin. (AC +1)


Message History

You closely miss the swamp worm. You miss the tyrant leech.
The swamp worm bites you! The tyrant leech misses you.
The swamp worm bites you but does no damage.
You closely miss the swamp worm. You hit the tyrant leech.
You burn the tyrant leech. The swamp worm closely misses you.
The tyrant leech closely misses you.
You slash the swamp worm! You burn the swamp worm.
The swamp worm is severely wounded.
You slash the tyrant leech! You burn the tyrant leech.
The swamp worm barely misses you. The tyrant leech barely misses you.
The swamp worm bites you.
You slash the swamp worm! You burn the swamp worm.
You kill the swamp worm!
Trog accepts your kill.
You miss the tyrant leech. The tyrant leech bites you.
The tyrant leech draws strength from your injuries!
You closely miss the tyrant leech.
The tyrant leech is moderately wounded.
The tyrant leech bites you!
The tyrant leech draws strength from your injuries!
The tyrant leech barely misses you.
You slice the tyrant leech!! You burn the tyrant leech!
The tyrant leech is severely wounded.
The tyrant leech bites you but does no damage.
You closely miss the tyrant leech.
The tyrant leech is severely wounded.
The tyrant leech bites you!
The tyrant leech draws strength from your injuries!
You miss the tyrant leech.
The tyrant leech is severely wounded.
The tyrant leech bites you!
* * * LOW HITPOINT WARNING * * *
The tyrant leech draws strength from your injuries!
You closely miss the tyrant leech.
The tyrant leech is severely wounded.
The tyrant leech bites you!!
* * * LOW HITPOINT WARNING * * *
The tyrant leech draws strength from your injuries!
The tyrant leech bites you!!
You die...

.P.~P.~♣.......#
.P.............# ..
...............# ..#
...............#### ....
P...P##......).P#.###....
.........................
..........####...........
..........# #...<.......
.........## ##..@?......#
.........# #..w........#
.........# ##..†.......#
......... ..............
................
#PP#............
####............
#........?...
....♣♣.♣♣...


You could see a tyrant leech.

Vanquished Creatures
  A hydra (Lair:2)
  A two-headed ogre (D:7)
  Urug (D:11)
  A cyclops (D:11)
  Maurice (D:8)
  2 black mambas
  A gargoyle (Bailey)
  A rime drake (Lair:1)
  Maggie (D:7)
  2 unseen horrors (D:10)
  5 komodo dragons
  A troll (D:9)
  A hornet (D:11)
  Grinder (D:4)
  A queen bee (D:10)
  Sigmund (D:2)
  A vampire (Bailey)
  2 shadows
  21 yaks
  2 wraiths
  2 wyverns
  A steam dragon (D:9)
  8 vampire mosquitoes (D:11)
  Menkaure (D:5)
  An acid dragon (D:11)
  A warg (D:11)
  4 water moccasins
  A swamp worm (Lair:2)
  2 sky beasts
  An ice beast (D:5)
  5 orc warriors
  2 ogres
  5 wolves (Lair:1)
  2 phantoms
  A centaur (D:9)
  4 kobold brigands
  8 bullfrogs
  Blork the orc (D:5)
  3 necrophages
  4 scorpions
  5 wights (D:7)
  39 killer bees
  5 howler monkeys
  7 vampire bats (Bailey)
  6 wolf zombies (Bailey)
  4 hounds
  4 orc priests
  2 gnoll boudas
  2 jellies (D:6)
  Ijyb (D:5)
  7 orc wizards
  Natasha (thrice) (D:4)
  5 iguanas
  Terence (D:2)
  A mummy (Ossuary)
  5 adders
  8 gnolls
  A shadow imp (D:6)
  4 white imps
  2 ufetubi
  3 worms
  A dart slug (D:3)
  45 orcs
  12 ball pythons
  2 bats
  5 endoplasms
  5 giant cockroaches
  7 goblins
  6 hobgoblins
  6 jackals
  2 quokkas
  8 frilled lizards
  3 gnoll skeletons (Ossuary)
  22 kobolds
  12 kobold skeletons (Ossuary)
  10 orc skeletons (Ossuary)
  16 orc zombies (Bailey)
  5 rats
387 creatures vanquished.

Vanquished Creatures (collateral kills)
  Josephine (D:11)
  A wyvern (D:11)
  2 wraiths (D:11)
  An orc warrior (D:11)
  A howler monkey (D:11)
6 creatures vanquished.

Vanquished Creatures (others)
  5 fungi
  16 plants
21 creatures vanquished.

Grand Total: 414 creatures vanquished

Notes
Turn   | Place    | Note
-------+----------+-------------------------------------------
     0 | D:1      | KennySheep the Ogre Berserker began the quest for the Orb.
     0 | D:1      | Reached XP level 1. HP: 24/24 MP: 1/1
   126 | D:1      | Found Osokicab's General Store.
   136 | D:1      | Reached XP level 2. HP: 32/32 MP: 2/2
   164 | D:1      | Reached skill level 1 in Throwing
   424 | D:1      | Reached XP level 3. HP: 34/39 MP: 3/3
   427 | D:1      | Found a faded altar of an unknown god.
   535 | D:1      | Reached ** piety under Trog
   942 | D:2      | Noticed Sigmund
   950 | D:2      | Killed Sigmund
   951 | D:2      | Reached skill level 4 in Axes
   951 | D:2      | Reached XP level 4. HP: 49/49 MP: 4/4
   951 | D:2      | Reached XP level 5. HP: 55/55 MP: 5/5
  1018 | D:2      | Found Dessi's Weapon Emporium.
  1090 | D:2      | Noticed Terence
  1099 | D:2      | Killed Terence
  1100 | D:2      | Reached skill level 5 in Fighting
  1102 | D:2      | Reached XP level 6. HP: 66/66 MP: 6/6
  1512 | D:3      | Found Voiq's Armour Emporium.
  2004 | D:3      | Found a radiant altar of Vehumet.
  2411 | D:4      | Found Jolal Si Deg's Weapon Shop.
  2522 | D:4      | Reached skill level 5 in Axes
  2522 | D:4      | Reached XP level 7. HP: 61/72 MP: 7/7
  2788 | D:4      | Found Woudunt's Jewellery Shop.
  2845 | D:4      | Noticed Natasha
  2868 | D:4      | Killed Natasha
  2868 | D:4      | Reached *** piety under Trog
  3028 | D:4      | Noticed Grinder
  3040 | D:4      | Killed Grinder
  3053 | D:4      | Noticed Natasha
  3058 | D:4      | Killed Natasha
  3059 | D:4      | Reached XP level 8. HP: 33/83 MP: 8/8
  3108 | D:4      | Noticed Natasha
  3118 | D:4      | Killed Natasha
  3272 | D:4      | Found Reicvorph's Assorted Antiques.
  3276 | D:4      | Found Taxzod's Book Boutique.
  3280 | D:4      | Bought a scroll labelled ZIRUADWOUHY for 22 gold pieces
  3280 | D:4      | Bought a fizzy white potion for 19 gold pieces
  3280 | D:4      | Bought a sapphire potion for 19 gold pieces
  3454 | D:5      | Entered Level 5 of the Dungeon
  3525 | D:5      | Reached skill level 5 in Throwing
  3702 | D:5      | Found a staircase to the Ecumenical Temple.
  3711 | D:5      | Reached skill level 6 in Axes
  3818 | D:5      | Noticed Blork the orc
  3837 | D:5      | Killed Blork the orc
  3897 | D:5      | HP: 6/126 [orc priest/divine providence (12)]
  3935 | D:5      | Found a sand-covered staircase.
  3940 | Ossuary  | Entered an ossuary
  3940 | Ossuary  | Noticed a wraith
  3940 | Ossuary  | Noticed a wraith
  3940 | Ossuary  | Noticed a wraith
  4290 | Ossuary  | Reached **** piety under Trog
  4346 | Ossuary  | Noticed a wraith
  4359 | Ossuary  | Killed a wraith
  4459 | D:5      | Found an opulent altar of Gozag.
  4632 | D:5      | Noticed Ijyb
  4636 | D:5      | Killed Ijyb
  4640 | D:5      | Reached skill level 7 in Axes
  4659 | D:5      | Noticed Menkaure
  4667 | D:5      | Killed Menkaure
  4668 | D:5      | Reached skill level 5 in Dodging
  4668 | D:5      | Reached XP level 9. HP: 93/93 MP: 9/9
  4875 | D:5      | Found a glowing golden altar of the Shining One.
  5648 | D:6      | Found an ornate altar of the Wu Jian Council.
  5654 | D:6      | Found a shimmering altar of Xom.
  6500 | D:6      | Reached skill level 8 in Axes
  6722 | D:7      | Found a runed translucent door.
  6723 | D:7      | Noticed Crazy Yiuf
  7113 | D:7      | Found a shimmering blue altar of Sif Muna.
  7114 | D:7      | Noticed Maggie
  7121 | D:7      | Killed Maggie
  7122 | D:7      | Reached XP level 10. HP: 66/105 MP: 10/10
  7469 | D:7      | Noticed a two-headed ogre
  7476 | D:7      | Killed a two-headed ogre
  7477 | D:7      | Reached skill level 9 in Axes
  8329 | D:8      | Identified the +0 hat of the Eternal Fruit {rElec rPois
                  | Will+++ Str-4}
  8430 | D:8      | Noticed Maurice
  8450 | D:8      | Killed Maurice
  9062 | D:8      | Found a glowing silver altar of Zin.
  9466 | D:9      | Identified a scroll of acquirement
  9467 | D:9      | Acquired a +7 executioner's axe of flaming
  9485 | D:9      | Found a flagged portal.
  9494 | Bailey   | Entered a bailey
  9794 | Bailey   | Reached skill level 10 in Axes
  9971 | Bailey   | Reached ***** piety under Trog
  9974 | Bailey   | Identified the +0 scale mail "Alydghiul" {rPois rCorr Str+8
                  | Int-5}
 10029 | Bailey   | Noticed a gargoyle
 10042 | Bailey   | Killed a gargoyle
 10195 | Bailey   | Found the ring of the Tortoise {AC+8}
 10515 | D:9      | Reached skill level 11 in Axes
 10515 | D:9      | Reached XP level 11. HP: 52/115 MP: 11/11
 11166 | D:10     | Entered Level 10 of the Dungeon
 11192 | D:10     | Identified the +10 quarterstaff "Killer Bee's Curse" {holy,
                  | Str+3}
 11229 | D:10     | Found a broken altar of Ashenzari.
 11229 | D:10     | Found a basalt altar of Yredelemnul.
 11276 | D:10     | Found a staircase to the Lair.
 11280 | D:10     | Reached skill level 12 in Axes
 11911 | D:11     | Reached skill level 13 in Axes
 12034 | D:11     | Noticed a cyclops
 12046 | D:11     | Noticed Josephine
 12049 | D:11     | Killed Josephine
 12051 | D:11     | Killed a cyclops
 12052 | D:11     | Reached skill level 14 in Axes
 12087 | D:11     | Received a gift from Trog
 12250 | D:11     | Found a staircase to the Orcish Mines.
 12263 | D:11     | Reached XP level 12. HP: 95/123 MP: 12/12
 12375 | D:11     | Found a runed translucent door.
 12377 | D:11     | Noticed LnG's ghost (journeyman KoSu)
 12386 | D:11     | Identified the +10 trident of Triumph {drain, Will+ Int+2
                  | SInv}
 12452 | D:11     | Reached skill level 15 in Axes
 12775 | D:11     | Noticed Urug
 12795 | D:11     | Killed Urug
 13007 | Lair:1   | Entered Level 1 of the Lair of Beasts
 13320 | D:1      | Bought a +4 ring of protection for 396 gold pieces
 13320 | D:1      | Bought 3 scrolls of butterflies for 132 gold pieces
 14044 | Lair:1   | Reached skill level 16 in Axes
 14791 | Lair:2   | Noticed an eight-headed hydra
 14800 | Lair:2   | Killed a five-headed hydra
 14823 | Lair:2   | Mangled by a tyrant leech

Illustrated notes

Levels and vault maps discovered:
D:1:      minmay_arrival_jagged, layout_basic, basic_ecumenical_altar,
          serial_shops, shop, minivault_24, minmay_misc_feat_doors,
          minmay_three_crescents
D:2:      layout_rooms, serial_shops, nicolae_shop_bloodbath_and_beyond,
          uniq_terence, uniq_sigmund
D:3:      layout_loops_ring, mainiacjoe_overflow_chevrons, serial_shops, shop
D:4:      layout_cave_pools, serial_shops, shop_statue, shop,
          nicolae_shop_overgrown_old_shop, nicolae_shop_window_shopping,
          uniq_grinder, uniq_natasha
D:5:      layout_basic, grunt_gozag_breadcrumbs, mainiacjoe_overflow_24_doors,
          minmay_temple_entry_purple_smoke, nicolae_ossuary_entry_plus,
          uniq_menkaure, uniq_blork_the_orc, uniq_ijyb
D:6:      layout_gridville, jmf_multi_god_temple, corexii_shack,
          minmay_tree_intersection, corexii_item_surrounded_by_moat,
          corner_web_ring
D:7:      layout_basic, nicolae_sif_muna_condensation, nrook_mini_vaults,
          uniq_crazy_yiuf_cottage, uniq_maggie
D:8:      layout_basic, zin_treasury, uniq_maurice
D:9:      layout_rooms, enter_bailey_8
D:10:     layout_rooms, gammafunk_temple_overflow_pools, lair_entry_dummy,
          special_room [special_room_bee]
D:11:     layout_big_octagon, david_orc_3, ebering_ghost_funeral_grove,
          st_stairs_14, uniq_josephine, uniq_urug
Lair:1:   layout_concentric_octagons, minivault_19, small_statue_intersection,
          columned_hall_lemuel
Lair:2:   layout_small_grid, minmay_swamp_entry_worms,
          gammafunk_ghost_berserking_beasts, serial_bayou_shore_b

Skill      XL: |  1  2  3  4  5  6  7  8  9 10 11 12 |
---------------+-------------------------------------+-----
Throwing       | 1 2 3 4 6 7 8 |  8.8
Axes           | 4 5 7 8 11 14 16 | 16.8
Dodging        | 3 4 5 6 |  6.3
Fighting       | 5 6 7 8 9 |  9.0

Action                   |  1- 3 |  4- 6 |  7- 9 | 10-12 || total
-------------------------+-------+-------+-------+-------++-------
Melee: Hand axe          |    98 |   154 |   277 |       ||   529
       Punch             |     2 |     3 |     6 |       ||    11
       War axe           |       |       |    62 |   169 ||   231
       Executioner's axe |       |       |       |   272 ||   272
Throw: Javelin           |       |       |    22 |    10 ||    32
Invok: Berserk           |     1 |     2 |     9 |     9 ||    21
       Trog's Hand       |     1 |       |     1 |     1 ||     3
       Brothers in Arms  |       |       |       |     1 ||     1
Evoke: Wand              |       |       |     3 |       ||     3
  Use: Scroll            |       |       |    15 |     9 ||    24
       Potion            |       |       |     9 |     4 ||    13
 Stab: Sleeping          |     1 |       |     1 |       ||     2
       Invisible         |       |       |       |     4 ||     4
Armor: Animal skin       |    25 |    25 |    49 |   179 ||   278
       Skin              |       |       |    14 |       ||    14
       Robe              |       |       |       |    28 ||    28
Dodge: Dodged            |    70 |    82 |   201 |   400 ||   753

Table legend: (Time is in decaauts)
 A = Elapsed time spent in this place.
 B = Non-inter-level travel time spent in this place.
 C = Inter-level travel time spent in this place.
 D = Time resting spent in this place.
 E = Time spent auto-exploring this place.
 F = Levels seen in this place.
 G = Mean time per level.
                   A        B        C        D        E       F      G
               +--------+--------+--------+--------+--------+-----+--------+
         Total |  15134 |  14134 |   1000 |   3841 |   7778 |  15 | 1008.9 |
       Dungeon |  12381 |  11446 |    935 |   2793 |   6719 |  11 | 1125.5 |
          Lair |   1338 |   1273 |     65 |    213 |    867 |   2 |  669.0 |
       Ossuary |    512 |    512 |      0 |    308 |     25 |   1 |  512.0 |
        Bailey |    901 |    901 |      0 |    526 |    167 |   1 |  901.0 |
               +--------+--------+--------+--------+--------+-----+--------+

Top non-repeatable levels by time:
     D:6: 1690 daAuts
     D:8: 1436 daAuts
     D:7: 1338 daAuts
     D:4: 1288 daAuts
     D:5: 1231 daAuts
     D:1: 1178 daAuts
    D:11: 1112 daAuts
     D:9: 910 daAuts
  Bailey: 901 daAuts
  Lair:1: 886 daAuts
    D:10: 780 daAuts
     D:3: 755 daAuts
     D:2: 658 daAuts
 Ossuary: 512 daAuts
  Lair:2: 451 daAuts
